Map: [ESL] Berlingrad

Players

Lambo - Winner!

  • Race: Zerg Zerg

Zest

  • Race: Protoss Protoss

Event: IEM Katowice 2022

VOD

Have the link to the VOD?

Description

Time

  • Played on: Feb. 25, 2022, 10:09 a.m.
  • Length: 10:56

All games in this series

Show
View Real Time Build Order
Export as new Build Order

Lambo Zerg - Winner!

Build Orders: Hatch First 

Get SALT Encoding   

  12  0:00  Drone  
  13  0:12  Overlord  
  13  0:16  Drone  
  14  0:30  Drone x2  
  14  0:34  Drone  
  17  0:52  Hatchery  
  17  0:54  Drone  
  17  0:57  Drone  
  18  1:07  Extractor  
  17  1:12  Spawning Pool  
  17  1:14  Drone  
  17  1:19  Drone  
  18  1:28  Drone  
  19  1:38  Drone  
  20  1:50  Overlord  
  20  1:58  Queen  
  22  2:04  Queen  
  22  2:05  Drone, Zergling x2  
  26  2:12  Drone  
  26  2:13  Metabolic Boost  
  27  2:15  Drone  
  27  2:22  Drone  
  29  2:25  Drone  
  30  2:35  Hatchery  
  29  2:37  Drone  
  29  2:42  Drone  
  31  2:47  Drone, Overlord  
  32  2:52  Queen  
  32  2:56  Drone  
  35  2:59  Drone  
  35  3:05  Queen  
  36  3:07  Overlord  
  38  3:14  Drone x3  
  38  3:17  Drone  
  38  3:18  Overlord  
  42  3:22  Drone  
  42  3:26  Drone x2  
  45  3:30  Queen  
  47  3:35  Drone  
  47  3:36  Spore Crawler  
  47  3:38  Zergling x4  
  49  3:47  Drone  
  49  3:48  Drone x3  
  53  3:49  Queen  
  53  3:52  Overlord  
  55  3:56  Drone x2  
  55  4:01  Drone x2  
  59  4:05  Roach Warren  
  59  4:08  Drone x2  
  60  4:15  Zergling x8  
  60  4:16  Zergling x2  
  65  4:23  Overlord  
  66  4:24  Zergling x6  
  66  4:26  Overlord  
  68  4:36  Spore Crawler  
  68  4:38  Spore Crawler  
  65  4:50  Zergling x4  
  65  4:51  Lair, Drone x8  
  75  4:53  Drone  
  75  4:56  Drone  
  77  5:00  Overlord  
  77  5:05  Drone  
  77  5:06  Overlord  
  84  5:07  Roach x3  
  84  5:11  Roach x2  
  88  5:16  Extractor  
  88  5:17  Overlord, Roach  
  88  5:21  Spine Crawler  
  88  5:22  Roach x2  
  88  5:23  Zergling x2  
  93  5:29  Overlord  
  93  5:30  Roach  
  93  5:34  Overlord  
  93  5:42  Zergling x8  
  89  5:46  Zergling x10  
  91  5:51  Roach x2  
  91  5:56  Roach  
  93  5:59  Zergling x10  
  93  6:03  Zergling x4  
  94  6:08  Queen  
  94  6:11  Roach  
  96  6:14  Roach  
  96  6:15  Zergling x2  
  98  6:19  Roach  
  98  6:24  Zergling x8  
  93  6:26  Queen x2  
  93  6:27  Zergling x2  
  93  6:29  Zergling x2  
  89  6:37  Zergling x2  
  89  6:38  Zergling x8  
  83  6:42  Spine Crawler  
  83  6:44  Overseer, Queen, Zergling x4  
  83  6:46  Zergling x4  
  88  6:48  Roach  
  88  6:51  Roach  
  88  6:54  Roach x2  
  88  7:00  Roach  
  79  7:05  Roach  
  79  7:06  Roach x2  
  79  7:07  Zergling x2  
  79  7:09  Zergling x2  
  79  7:13  Roach  
  79  7:14  Roach  
  75  7:21  Zergling x2  
  75  7:22  Queen, Zergling x2  
  72  7:26  Zergling x2  
  73  7:30  Roach x2  
  73  7:32  Ravager  
  77  7:37  Drone x4  
  77  7:39  Roach  
  77  7:41  Roach  
  83  7:48  Queen x2  
  83  7:50  Glial Reconstitution  
  87  7:53  Roach  
  87  7:57  Roach  
  91  8:06  Extractor  
  91  8:09  Drone x4  
  91  8:10  Drone  
  91  8:11  Roach x3  
  98  8:28  Roach x3  
  98  8:30  Drone x4  
  108  8:35  Overlord  
  108  8:36  Drone  
  108  8:37  Drone  
  108  8:39  Overlord  
  110  8:43  Roach  
  110  8:44  Overseer  
  110  8:45  Overlord, Extractor  
  110  8:48  Overlord  
  111  8:52  Overlord  
  111  8:54  Evolution Chamber  
  110  8:56  Roach x2  
  116  9:03  Roach x3  
  116  9:05  Overlord  
  116  9:09  Roach x2  
  124  9:11  Overlord  
  124  9:15  Ravager x2  
  124  9:16  Zergling x4  
  128  9:25  Roach x3  
  118  9:35  Zergling x2  
  118  9:36  Zergling x12  
  117  9:41  Roach x2  
  116  9:47  Roach x2  
  116  9:52  Zergling x4  
  112  9:59  Roach  
  108  10:06  Drone x3  
  111  10:17  Drone x2  
  111  10:18  Drone  
  111  10:20  Roach x2  
  111  10:21  Ravager  
  119  10:23  Overlord  
  119  10:29  Roach x2  
  119  10:33  Roach x2  
  127  10:39  Overseer  
Show
View Real Time Build Order
Export as new Build Order

Zest Protoss 

Build Orders: 1 Gate Expand, Zealot Archon, Archon Drop, Dark Templar Rush 

Get SALT Encoding   

  12  0:00  Probe  
  13  0:12  Probe  
  14  0:19  Pylon  
  14  0:24  Probe  
  15  0:37  Probe (Chrono Boost)  
  15  0:40  Gateway  
  16  0:47  Probe (Chrono Boost)  
  16  0:49  Assimilator  
  17  0:52  Probe (Chrono Boost)  
  18  1:03  Probe  
  19  1:16  Probe  
  20  1:25  Nexus  
  20  1:35  Cybernetics Core  
  20  1:37  Probe  
  21  1:44  Assimilator  
  21  1:50  Probe  
  21  1:52  Pylon  
  22  2:02  Probe (Chrono Boost)  
  23  2:11  Adept  
  23  2:13  Probe (Chrono Boost)  
  26  2:17  Probe (Chrono Boost)  
  27  2:22  Warp Gate  
  27  2:23  Twilight Council  
  27  2:29  Probe (Chrono Boost)  
  28  2:37  Probe (Chrono Boost)  
  28  2:41  Stalker  
  32  2:46  Probe (Chrono Boost)  
  32  2:47  Probe (Chrono Boost)  
  33  2:53  Probe x2 (Chrono Boost)  
  33  2:55  Robotics Facility  
  35  3:04  Probe  
  35  3:05  Probe  
  37  3:09  Gateway  
  37  3:16  Dark Shrine  
  37  3:17  Probe x2  
  39  3:29  Charge (Chrono Boost), Probe x2  
  41  3:35  Gateway  
  41  3:39  Warp Prism (Chrono Boost)  
  41  3:47  Gateway  
  43  3:52  Gateway  
  43  3:57  Gateway  
  43  4:02  Pylon  
  43  4:10  Gateway  
  43  4:11  Gateway  
  43  4:20  Pylon  
  43  4:25  Pylon  
  43  4:33  Dark Templar x2  
  43  4:36  Pylon  
  47  4:56  Pylon  
  47  5:00  Archon  
  47  5:01  Dark Templar  
  47  5:02  Zealot  
  47  5:03  Zealot x2  
  55  5:07  Dark Templar  
  55  5:13  Archon, Zealot x3  
  63  5:15  Pylon  
  63  5:41  Zealot x4  
  63  5:42  Zealot x4  
  61  6:06  Zealot x8  
  77  6:15  Pylon  
  75  6:28  Dark Templar x3  
  75  6:29  Zealot x5  
  61  6:51  Zealot x5  
  57  7:12  Zealot x6  
  57  7:13  Zealot  
  57  7:14  Zealot  
  55  7:29  Immortal (Chrono Boost)  
  59  7:39  Probe x2 (Chrono Boost), Assimilator  
  59  7:41  Assimilator  
  61  7:45  Dark Templar x2  
  61  7:47  Dark Templar  
  61  7:48  Probe (Chrono Boost)  
  61  7:49  Archon  
  61  7:50  Probe (Chrono Boost)  
  68  7:54  Probe  
  70  8:01  Immortal (Chrono Boost)  
  75  8:10  Pylon  
  74  8:29  Zealot x6  
  74  8:33  Observer (Chrono Boost)  
  87  8:48  Dark Templar x2  
  91  8:51  Archon  
  91  8:52  Zealot x4  
  99  9:04  Observer (Chrono Boost)  
  100  9:13  Zealot x3  
  100  9:14  Zealot x2  
  100  9:16  Pylon  
  88  9:40  Zealot x3  
  54  9:53  Observer  
  52  10:03  Dark Templar x7, Observer  
  58  10:11  Archon x2  
  58  10:12  Archon  
  57  10:16  Observer  
  59  10:22  Dark Templar  
  59  10:24  Observer  
  61  10:37  Robotics Bay  
  61  10:41  Nexus  
  61  10:44  Pylon  
  61  10:45  Archon  
  61  10:52  Dark Templar  
  61  10:53  Zealot  

Tags
 
Add a new tag
Caveats
  • Supply blocks, unpowered buildings, or Contaminate may cause inaccurate times.
  • Supply counts are checked every 10 seconds.